← All builds
Geo sea / Armada / Economy first / OBSERVED BUILD

Standard geo sea

The role's normal opening: bot lab then shipyard in the cove, an early submarine and destroyer to contest the sea, and a geothermal around 7:45 to fund the transition into destroyers, fast assault corvettes and assault frigates.

Usually shipyard in the cove (87%)

#naval #eco · 636 distinct matches · 100 players · 81% of Armada Geo sea games · team won 54% of 682 · Recently observed

HOW TO PLAY IT

Key timing: Shipyard by 3:13

  1. Open 3 mex and wind into Bot Lab.
  2. Put up Shipyard with naval turret and BP for defense.
  3. Send out "submarine" then "destroyer" to contest the sea.
  4. Bring geothermal online to fund the fleet.
  5. Add Advanced Metal Extractor as the economy transitions.

Phase by phase

TYPICAL OF ITS 636 GAMES
  1. 1
  2. 2
  3. 3
  4. 4
PLAY THE OPENING

Follow the example game's first 6:00 step by step: what to build now, what comes next, and where it goes. At 1× it keeps pace with your own game.

  1. 1

    Up to the Bot Lab

    Economy
    • Metal Extractor3Mex
    • Wind Turbine3Wind
    Order
    1. Bot LabBot Lab after 3 mex, 3 winddone ~1:12, middle half 1:06–1:17

    Some games also: wind for allies (46%)

    By 0:55 in all: 3 mex · 3 wind

    The example game in this phase · 3 steps
    1. Mex ×3
    2. Solar ×2
    3. Bot LabBot Labdone 1:07 · typical 1:12
  2. 2

    Bot Lab to Shipyard

    Economy
    • Metal Extractor1Mex
    • Wind Turbine1Wind
    Order
    1. ShipyardShipyard after 4 mex, 4 winddone ~3:11, middle half 2:50–3:36
    Builders
    • Construction Bot3 Con bot
    • Lazarus2 Lazarus

    Some games also: pawn (45%) · con turret (38%) · crossbow (34%)

    By 2:48 in all: 4 mex · 4 wind

    The example game in this phase · 7 steps
    1. LazarusLazarus
    2. Wind ×2for Air
    3. Construction BotCon bot ×2
    4. LazarusLazarus
    5. Construction BotCon bot
    6. LazarusLazarus
    7. ShipyardShipyarddone 2:44 · typical 3:11
  3. 3

    Shipyard to 5:00

    Economy
    • Metal Extractor4Mex
    • Wind Turbine1Wind
    Builders
    • Construction Ship1 Con ship
    Army
    • Dolphin3 Dolphin
    • Skater1 Skater
    • Corsair1 Destroyer
    Other
    • Radar Tower1 Radar Tower

    Some games also: Sentry (45%) · submarine (44%) · con turret (32%) · converter (30%)

    By 5:00 in all: 8 mex · 6 wind · 1 energy storage · 1 con turret

    The example game in this phase · 22 steps
    1. PawnPawn
    2. Mex
    3. SkaterSkater ×2
    4. Construction ShipCon ship
    5. Mex
    6. SkaterSkater
    7. Mex
    8. EelSubmarinedone 3:33 · typical 4:22
    9. Mex
    10. DolphinDolphin
    11. Mex
    12. Con turret
    13. DolphinDolphin
    14. Mex
    15. CorsairDestroyerdone 4:35 · typical 5:35
    16. Mex ×2
    17. SentrySentry
    18. SkaterSkater
    19. Geothermal PowerplantGeodone 6:48 · typical 7:45
    20. Wind
    21. Grim ReaperGrim Reaper
    22. Wind
  4. 4

    5:00 to 10:00

    Economy
    • Metal Extractor2Mex
    • Wind Turbine12Wind
    • Energy Converter2Converter
    Builders
    • Construction Turret1 Con turret
    • Construction Ship1 Con ship
    • Grim Reaper1 Grim Reaper
    Army
    • Sentry1 Sentry
    • Dolphin5 Dolphin
    • Corsair2 Destroyer
    • Skater2 Skater

    Some games also: Radar Tower (48%) · frigate (42%) · geo (39%) · Harpoon (37%) · Naval Construction Turret (31%)

    By 10:00 in all: 11 mex · 19 wind · 1 geo · 3 converter · 1 energy storage · 2 con turret

    The example game in this phase · 126 steps
    1. Wind ×2
    2. SentrySentry
    3. Naval Radar / Sonar TowerNaval Radar / Sonar Tower
    4. DolphinDolphin
    5. EllysawFrigate
    6. Wind
    7. HarpoonHarpoon
    8. Wind
    9. EllysawFrigate
    10. Con turret
    11. Wind
    12. CorsairDestroyer
    13. Wind
    14. HarpoonHarpoon
    15. Converter ×3
    16. SkaterSkater
    17. Wind
    18. Converter
    19. Grim ReaperGrim Reaper
    20. Energy storage
    21. Converter ×2
    22. Wind
    23. HarpoonHarpoon
    24. CorsairDestroyer
    25. Wind ×2
    26. Con turret ×2
    27. Advanced Metal ExtractorT2 mexdone 8:46 · typical 9:16
    28. Wind
    29. SkaterSkater
    30. Wind ×4
    31. Advanced Metal ExtractorT2 mex
    32. Wind ×3
    33. Energy storage ×2
    34. Advanced Metal ExtractorT2 mex
    35. Con turret
    36. Wind ×8
    37. Advanced Metal ExtractorT2 mex
    38. Wind
    39. Seaplane PlatformSeaplane Platformdone 10:08
    40. Wind ×2
    41. HorizonHorizon
    42. PuffinPuffin
    43. Wind
    44. PuffinPuffin
    45. Wind
    46. Energy storage
    47. Advanced Metal ExtractorT2 mex
    48. Wind ×2
    49. PuffinPuffin
    50. Wind ×2
    51. PuffinPuffin
    52. Wind
    53. PuffinPuffin
    54. Advanced Metal ExtractorT2 mex
    55. Naval Construction Turret
    56. Con turret
    57. Naval Construction Turret
    58. Con turret
    59. Naval Construction Turret
    60. PuffinPuffin ×2
    61. ShipyardShipyarddone 12:08
    62. PuffinPuffin
    63. CorsairDestroyer
    64. PuffinPuffin
    65. SkaterSkater
    66. PuffinPuffin
    67. CorsairDestroyer
    68. PuffinPuffin
    69. Construction SeaplaneConstruction Seaplane
    70. Grim ReaperGrim Reaper
    71. Construction SeaplaneConstruction Seaplane
    72. Advanced Geothermal PowerplantAdvanced Geothermal Powerplantdone 14:15
    73. CorsairDestroyer
    74. Construction SeaplaneConstruction Seaplane
    75. Mex
    76. SkaterSkater
    77. Radar TowerRadar Tower
    78. Grim ReaperGrim Reaper
    79. EllysawFrigate
    80. Grim ReaperGrim Reaper ×2
    81. Dragon's TeethDragon's Teeth
    82. Grim ReaperGrim Reaper
    83. Dragon's TeethDragon's Teeth
    84. Con turret
    85. Grim ReaperGrim Reaper
    86. Dragon's TeethDragon's Teeth
    87. Naval Construction Turret
    88. Dragon's TeethDragon's Teeth
    89. Naval Construction Turret
    90. Grim ReaperGrim Reaper
    91. RiptideFrigatedone 13:39
    92. Dragon's TeethDragon's Teeth
    93. Naval Construction Turret
    94. Dragon's TeethDragon's Teeth
    95. CorsairDestroyer
    96. Dragon's TeethDragon's Teeth ×2
    97. Grim ReaperGrim Reaper
    98. Dragon's TeethDragon's Teeth
    99. CorsairDestroyer
    100. Dragon's TeethDragon's Teeth
    101. SkaterSkater
    102. Dragon's TeethDragon's Teeth
    103. CorsairDestroyer
    104. Dragon's TeethDragon's Teeth ×2
    105. Grim ReaperGrim Reaper
    106. Dragon's TeethDragon's Teeth
    107. CorsairDestroyer
    108. Dragon's TeethDragon's Teeth ×2
    109. SkaterSkater
    110. CorsairDestroyer
    111. Dragon's TeethDragon's Teeth
    112. Radar TowerRadar Tower
    113. Dragon's TeethDragon's Teeth
    114. Grim ReaperGrim Reaper
    115. Dragon's TeethDragon's Teeth
    116. CorsairDestroyer
    117. MercuryMercurynot finished by 15:00
    118. Wind
    119. Dragon's TeethDragon's Teeth
    120. Construction ShipCon ship
    121. Dragon's TeethDragon's Teeth
    122. Wind
    123. Dragon's TeethDragon's Teeth
    124. Advanced ShipyardAdvanced Shipyardnot finished by 15:00
    125. Wind
    126. Dragon's TeethDragon's Teeth

Counts are medians over the build's games: half of them build more, half fewer. The example game is KingBenjai's (45 OS, 17/09/2026); pick another.

Team trades

IN AT LEAST 30% OF ITS GAMES

You hand over

  • Wind Turbine2 Wind to Air or Suicide frontfirst at 1:41 · in 65% of games

You get

  • Finch1 Finch from Airfirst at 1:51 · in 77% of games
  • Hercules1 Light transport from Airfirst at 2:04 · in 66% of games
  • Advanced Construction Bot1 T2 con bot from Techfirst at 7:42 · in 89% of games

How it plays out

Typical game of this build, running totals by minute

Metal produced

010k20k30k
0:005:0010:0015:00

metal

Enemy metal destroyed

05k10k
0:005:0010:0015:00

metal

Own metal lost

02.5k5k7.5k
0:005:0010:0015:00

metal

682 games.

Show as table
ByMetal produced: This buildEnemy metal destroyed: This buildOwn metal lost: This build
1:0039500
2:0092800
3:00160300
4:002934051
5:00414517574
6:005548541325
7:0071031018661
8:00877917921050
9:001067325581702
10:001296034202269
11:001569646803159
12:001870257163914
13:002210468594765
14:002580179875656
15:002914191246705
WHAT THE NUMBERS SAY

Standard Armada geo sea nearly matches Cortex's economy numbers but wins slightly more often at 53%.

  • + Metal produced reaches 28785 by 15:00, the highest of the sea builds
  • + Own metal lost of 6895 stays well under enemy metal destroyed's 9048
  • − Geothermal only lands in 58% of games by 7:34
  • − T2 factory completes in only 40% of games by 12:43
THE EXAMPLE YOU ARE READING

KingBenjai

45.1 OS · 17/09/2026

Open source match ↗

5 received units · includes a constructor
224 metal received · 57855 energy received

Allied construction assistance is unknown. Timings are observations, not a promise of solo reproducibility.

Typical milestones

Bot Lab1:12Middle 50%: 1:06–1:17 · n=663
Shipyard3:11Middle 50%: 2:50–3:36 · n=674
Eel4:22Middle 50%: 3:41–5:38 · n=413
Corsair5:35Middle 50%: 4:50–6:34 · n=632
Geothermal Powerplant7:45Middle 50%: 6:47–9:11 · n=423
Advanced Metal Extractor9:16Middle 50%: 8:36–10:06 · n=595

Played most by

Optimusprimenutt50games of this buildKingBenjai48games of this buildhaaven38games of this buildHummell32games of this buildRexalidus26games of this build